 Dungeon Crawl Stone Soup version 0.32-a0-913-g739538afd8 (webtiles) character file.

Game seed: 2069025171150731938

23 BenSoosneb the Sneak (level 2, 0/13 HPs)
             Began as a Spriggan Enchanter on Apr 8, 2024.
             Frozen to death by an endoplasm (5 damage)
             ... on level 1 of the Dungeon.
             The game lasted 00:05:37 (804 turns).

BenSoosneb the Sneak (Spriggan Enchanter)            Turns: 804, Time: 00:05:38

Health: 0/13       AC:  2    Str:  4    XL:     2   Next: 75%
Magic:  6/6        EV: 15    Int: 16    God:
Gold:   34         SH:  4    Dex: 15    Spells: 4/6 levels left

rFire   . . .        a - +1 dagger
rCold   . . .        d - +0 buckler
rNeg    . . .        b - +0 robe
rPois   .            (helmet restricted)
rElec   .            (no cloak)
rCorr   .            (gloves unavailable)
SInv    +            (boots unavailable)
Will    .....        (no amulet)
Stlth   +++          (no ring)
HPRegen 0.22/turn    (no ring)
MPRegen 0.10/turn

%: no passive effects
@: very quick
A: very small, no large weapons, unfitting armour, see invisible, speed 3
a: no special abilities


You were on level 1 of the Dungeon.
You visited 1 branch of the dungeon, and saw 1 of its levels.

You collected 34 gold pieces.

Inventory:

Hand Weapons
 a - a +1 dagger (weapon)
Armour
 b - a +0 robe (worn)
 d - a +0 buckler (worn)
Scrolls
 e - a scroll of enchant armour {unknown}
 g - a scroll of identify {unknown}
Potions
 c - 2 potions of invisibility
 f - a potion of curing {unknown}


   Skills:
 - Level 1.1 Short Blades
 - Level 2.6 Dodging
 * Level 5.6 Stealth
 - Level 2.6 Spellcasting
 * Level 4.1 Hexes


You had 4 spell levels left.
You knew the following spells:

 Your Spells              Type           Power      Damage    Failure   Level
a - Ensorcelled Hibernat  Hex/Ice        16%        N/A       26%         2

Your spell library contained the following spells:

 Spells                   Type           Power      Damage    Failure   Level
 Confusing Touch          Hex            15%        N/A       22%         3
 Tukima's Dance           Hex            15%        N/A       22%         3
 Dazzling Flash           Conj/Hex       16%        N/A       45%         3


Dungeon Overview and Level Annotations

Branches:
Dungeon (1/15)

Altars:


Innate Abilities, Weirdness & Mutations

You are very small and have problems with some larger weapons.
You are too small for most types of armour.
You have supernaturally acute eyesight. (SInv)
You cover ground extremely quickly. (Speed+++)


Message History

The bat completely misses you.
You hit the bat but do no damage.
The bat is moderately wounded.
You block the bat's attack. The bat misses you.
You hit the bat.
The bat is severely wounded.
The bat hits you. The bat hits you. The bat barely misses you.
You barely miss the bat.
The bat is moderately wounded.
You block the bat's attack.
You miss the bat.
The bat is moderately wounded.
The bat barely misses you.
You hit the bat.
You kill the bat!
You start resting.
HP restored.
You hear a shout!
You see here a bat corpse.
The endoplasm quivers.
A nearby plant withers and dies.
The kobold throws a stone.
The stone misses you.
Things that are here:
a +0 club; a goblin corpse You block the endoplasm's attack.
Things that are here:
a +0 club; a goblin corpse You barely miss the endoplasm.
The endoplasm freezes you.
You are frozen.
You barely miss the endoplasm. The endoplasm freezes you.
You are frozen.
You hit the endoplasm.
The endoplasm is almost dead.
The endoplasm freezes you.
You are frozen.
You die...

.# #..## #.# .#
#..# #.# .# #..#
#.# #..# #.#
#####..# #.#
#......# #.#
#.###.## #.#
##.###.# #.#
.....).#########@#
...............J.#
##>.......########
######†..# ##.##
####J## ####.....#
......K..##
.~.~.~~...#


You could see an endoplasm.

Vanquished Creatures
  A dart slug (D:1)
  2 bats (D:1)
  4 endoplasms (D:1)
  4 goblins (D:1)
  A hobgoblin (D:1)
  3 kobolds (D:1)
  A quokka (D:1)
  A rat (D:1)
17 creatures vanquished.

Notes
Turn   | Place    | Note
-------+----------+-------------------------------------------
     0 | D:1      | BenSoosneb the Spriggan Enchanter began the quest for the
                  | Orb.
     0 | D:1      | Reached XP level 1. HP: 9/9 MP: 5/5
   261 | D:1      | Reached skill level 5 in Stealth
   352 | D:1      | Reached XP level 2. HP: 13/13 MP: 6/6
   422 | D:1      | Learned a level 2 spell: Ensorcelled Hibernation
   804 | D:1      | Frozen to death by an endoplasm

Illustrated notes

Levels and vault maps discovered:
D:1:      dpeg_arrival_circle_labyrinth_c, layout_loops_ring,
          serial_bayou_pond_b

Skill      XL: |  1  2 |
---------------+-------+-----
Stealth        | 5 |  5.6
Hexes          | 4 |  4.1
Short Blades   | |  1.1
Dodging        | |  2.6
Spellcasting   | |  2.6

Action                     || total
---------------------------++-------
  Melee: Dagger            ||    48
   Stab: Sleeping          ||     9
 Armour: Robe              ||    11
  Dodge: Dodged            ||    29
  Block: Buckler           ||     8

Table legend: (Time is in decaauts)
 A = Elapsed time spent in this place.
 B = Non-inter-level travel time spent in this place.
 C = Inter-level travel time spent in this place.
 D = Time resting spent in this place.
 E = Time spent auto-exploring this place.
 F = Levels seen in this place.
 G = Mean time per level.
                   A        B        C        D        E       F      G
               +--------+--------+--------+--------+--------+-----+--------+
         Total |    583 |    583 |      0 |    165 |    215 |   1 |  583.0 |
       Dungeon |    583 |    583 |      0 |    165 |    215 |   1 |  583.0 |
               +--------+--------+--------+--------+--------+-----+--------+

Top non-repeatable levels by time:
     D:1: 583 daAuts
